 Dungeon Crawl Stone Soup version 0.29.1-15-g9cfb28693d (webtiles) character file.

Game seed: 1432844675054356018

58714 ThatPearl the Warrior (level 14, 0/181 (186) HPs)
             Began as a Demonspawn Berserker on Mar 8, 2023.
             Was a High Priest of Trog.
             Slain by Snorg (13 damage)
             ... on level 2 of the Orcish Mines.
             The game lasted 00:48:10 (23068 turns).

ThatPearl the Warrior (Demonspawn Berserker)       Turns: 23068, Time: 00:48:10

HP:   0/181 (186)   AC: 21    Str: 20    XL:     14   Next: 50%
MP:   4/4           EV: 13    Int: 10    God:    Trog [*****.]
Gold: 1855          SH:  5    Dex: 14    Spells: 13/13 levels left

rFire   + . .      SeeInvis .   j - +9 battleaxe (antimagic)
rCold   . . .      Faith    .   (shield currently unavailable)
rNeg    . . .      Spirit   .   Z - +1 troll leather armour
rPois   .          Reflect  +   U - +2 hat {Stlth+}
rElec   .          Harm     .   X - +2 cloak
rCorr   +          Rampage  .   w - +0 pair of gloves
Will    +++..                   (no boots)
Stlth   ..........              c - amulet of reflection
HPRegen 4.20/turn               p - ring of resist corrosion
MPRegen 0.09/turn               L - +4 ring of protection

@: berserking, lethally poisoned (0 -> 0), strong-willed, regenerating, lightly
drained, very quick
A: antennae 1, molten scales 3, demonic guardian 2, powered by death 1
a: Renounce Religion, Berserk, Trog's Hand, Brothers in Arms


You were on level 2 of the Orcish Mines.
You worshipped Trog.
Trog was extremely pleased with you.
You visited 4 branches of the dungeon, and saw 20 of its levels.

You collected 1855 gold pieces.

Inventory:

Hand Weapons
 j - a +9 antimagic battleaxe (weapon)
 n - a +1 trident of venom
 y - a +9 antimagic quarterstaff
 N - the +7 executioner's axe of Jusiamn {vorpal, rCorr}
   (Trog gifted it to you on level 3 of the Lair of Beasts)

   It inflicts extra damage upon your enemies.
   rCorr:     It protects you from acid and corrosion.
 P - a +0 broad axe
 Q - a +4 war axe of flaming
 Y - the +6 whip of the Other Side {freeze, rElec rPois rF- rC+++}
   (You found it on level 4 of the Lair of Beasts)

   It freezes those it strikes, dealing additional cold damage.
   It can also slow down cold-blooded creatures.
   rF:        It makes you vulnerable to fire.
   rC:        It renders you almost immune to cold.
   rElec:     It insulates you from electricity.
   rPois:     It protects you from poison.
Missiles
 b - 158 stones (quivered)
 D - 10 javelins
 M - 42 poisoned darts
 S - 19 boomerangs
Armour
 w - a +0 pair of gloves (worn)
 U - a +2 hat of stealth (worn)
 X - a +2 cloak (worn)
 Z - a +1 troll leather armour (worn)
Jewellery
 c - an amulet of reflection (around neck)
 p - a ring of resist corrosion (left hand)
 s - an amulet of magic regeneration
 L - a +4 ring of protection (right hand)
Wands
 m - a wand of flame (9)
 x - a wand of mindburst (16)
 A - a wand of iceblast (9)
 F - a wand of quicksilver (21)
 G - a wand of polymorph (18)
 K - a wand of charming (1)
 O - a wand of digging (10)
Scrolls
 a - 2 scrolls of fear
 e - 2 scrolls of noise
 i - 2 scrolls of torment
 t - 3 scrolls of teleportation
 v - 6 scrolls of immolation
 C - 4 scrolls of blinking
 E - 5 scrolls of poison
 J - 4 scrolls of butterflies
Potions
 d - 2 potions of resistance
 h - 5 potions of heal wounds
 k - 4 potions of flight
 r - a potion of ambrosia
 u - 2 potions of might
 z - 2 potions of haste
 B - 6 potions of curing
 R - 2 potions of mutation
 T - a potion of cancellation
Miscellaneous
 f - a piece from Xom's chessboard (15/15)
 I - a lightning rod (4/4)
 V - a tin of tremorstones (2/2)
 W - a box of beasts


   Skills:
 + Level 15.7 Fighting
 * Level 15.1 Axes
 + Level 8.8 Armour
 - Level 5.0 Dodging
 + Level 7.7 Evocations


You had 13 spell levels left.
You didn't know any spells.
Your spell library was empty.

Dungeon Overview and Level Annotations

Branches:
Dungeon (12/15)            Temple (1/1) D:5            Lair (5/5) D:8
  Swamp (0/4) Lair:2       Spider (0/4) Lair:3          Orc (2/2) D:12
  Slime: Lair:4-5       Elf: Orc:2

Altars:
Ashenzari
Cheibriados
Gozag
Hepliaklqana
Makhleb
Nemelex Xobeh
Okawaru
Sif Muna
Trog
Uskayaw
Wu Jian
Xom

Annotations:
D:9 2 transporters, cowcol's ghost, journeyman MiFi
D:11 3 runed translucent doors
Lair:5 Rupert
Orc:2 Snorg


Innate Abilities, Weirdness & Mutations

You have a pair of small antennae on your head.
You are completely covered in molten scales. (AC +4, rF+)
A demonic guardian rushes to your aid.
You regenerate a little health from kills.


Message History

You slice Snorg!! You closely miss the orc warrior.
You feel sick. Snorg bites you.
* * * LOW HITPOINT WARNING * * *
Snorg claws you.
* * * LOW HITPOINT WARNING * * *
Snorg misses you. You block the orc's attack.
The orc warrior hits you with a +0 halberd.
* * * LOW HITPOINT WARNING * * *
A demonic guardian appears!
Unknown command.
You slash the orc warrior!
The orc warrior is heavily wounded.
You slice Snorg!!
You feel sick. Snorg bites you!
* * * LOW HITPOINT WARNING * * *
Snorg claws you but does no damage. Snorg completely misses you.
Unknown command.
You hit the orc warrior.
The orc warrior is heavily wounded.
You slash Snorg!
You feel sick.
Your sun demon hits the ogre but does no damage.
An orc comes into view. It is wielding a +0 short sword.
The orc hits you but does no damage. You block the orc warrior's attack.
Snorg bites you!
* * * LOW HITPOINT WARNING * * *
Snorg claws you but does no damage. You block Snorg's attack.
You are too berserk!
You are too berserk!
You are too berserk!
Okay, then.
You slice Snorg!!
Snorg is severely wounded.
You slash the orc warrior!
You kill the orc warrior!
Trog accepts your kill.
You slash the ogre!
You feel sick.
Your sun demon hits the ogre.
The ogre is engulfed in flames!
The ogre dies!
Trog accepts your kill. You block Snorg's attack. Snorg claws you!
You die...

. #≈...
..#####≈.. ##
o.≈≈≈≈≈.# #.##
##.o.....##...#
#....#.......##
#.............#..
......oo.........
#..#..oT)3......#
.......)@).....##
.......)....#.##
...^........# #
............#
#..........##
.........##
$........#
.$.#....##


You could see Snorg (berserk), an orc warrior, an orc wizard, 3 orcs and a
friendly sun demon (summoned).

Vanquished Creatures
  Gastronok (Lair:2)
  A dire elephant (Lair:3)
  2 boulder beetles
  7 hydras
  An anaconda (Lair:3)
  A two-headed ogre (D:9)
  A centaur warrior (D:11)
  An alligator (Lair:3)
  A death yak (Lair:3)
  A skeletal warrior (D:11)
  Amaemon (D:11)
  Lodul (D:11)
  2 deep elf pyromancers
  2 orc sorcerers
  An ugly thing (D:12)
  2 cyclopes (D:12)
  3 manticores
  4 black mambas
  2 torpor snails (Lair:3)
  An orange demon (D:11)
  8 cane toads
  A gargoyle (D:10)
  5 komodo dragons
  8 rime drakes
  An unseen horror (D:11)
  4 trolls
  3 polar bears
  9 slime creatures
  4 hornets
  27 blink frogs
  6 dream sheep (Lair:4)
  2 wraiths
  44 yaks
  8 basilisks
  A steam dragon (D:9)
  16 wyverns
  2 fire elementals (Lair:2)
  5 vampire mosquitoes
  2 swamp worms (Lair:2)
  A warg (Orc:1)
  19 water moccasins
  A meliai simulacrum (D:11)
  5 orc warriors
  An ice beast (D:5)
  A sky beast (D:7)
  4 black bears
  8 wolves
  12 ogres
  9 centaurs
  A phantom (D:4)
  4 kobold brigands
  13 bullfrogs
  2 gnoll sergeants
  8 scorpions
  4 wights (D:8)
  5 killer bees (D:7)
  4 electric eels
  2 vampire bats (Lair:1)
  12 howler monkeys
  A hound (D:5)
  A jelly (D:5)
  7 orc priests
  A gnoll bouda (D:4)
  Terence (D:2)
  3 iguanas
  16 orc wizards
  12 hell rats (Lair:3)
  Robin (D:2)
  15 gnolls
  8 adders
  A shadow imp (D:8)
  4 white imps
  4 worms
  9 dart slugs
  35 orcs
  5 ball pythons
  12 bats
  6 endoplasms
  6 giant cockroaches
  18 goblins
  14 hobgoblins
  5 jackals
  2 quokkas
  4 frilled lizards
  32 kobolds
  5 rats
536 creatures vanquished.

Vanquished Creatures (collateral kills)
  A boulder beetle (D:12)
  A two-headed ogre (D:10)
  An orc knight (Orc:1)
  A black mamba (shapeshifter) (D:11)
  A komodo dragon (Lair:1)
  A slime creature (D:11)
  3 blink frogs
  A centaur simulacrum (D:11)
  4 yaks
  A basilisk (D:8)
  An orc warrior (Orc:2)
  An ogre (Orc:2)
  2 orcs (D:3)
  A frilled lizard (D:3)
20 creatures vanquished.

Vanquished Creatures (others)
  An orc wizard (D:12)
  An orc (Orc:1)
  2 bushes (D:8)
  23 fungi
  54 plants
81 creatures vanquished.

Grand Total: 637 creatures vanquished

Notes
Turn   | Place    | Note
-------+----------+-------------------------------------------
     0 | D:1      | ThatPearl the Demonspawn Berserker began the quest for the
                  | Orb.
     0 | D:1      | Reached XP level 1. HP: 18/18 MP: 1/1
   133 | D:1      | Gained mutation: A weak demonic guardian rushes to your
                  | aid. [demonic ancestry]
   133 | D:1      | Reached XP level 2. HP: 24/24 MP: 2/2
   406 | D:1      | Found a faded altar of an unknown god.
   811 | D:1      | Gained mutation: A demonic guardian rushes to your aid.
                  | [demonic ancestry]
   811 | D:1      | Reached XP level 3. HP: 29/29 MP: 3/3
  1076 | D:2      | Noticed Robin
  1167 | D:2      | Reached ** piety under Trog
  1175 | D:2      | Killed Robin
  1356 | D:2      | Gained mutation: You are partially covered in molten
                  | scales. (AC +2) [demonic ancestry]
  1356 | D:2      | Reached XP level 4. HP: 36/37 MP: 4/4
  1382 | D:2      | Noticed Terence
  1396 | D:2      | Killed Terence
  2121 | D:2      | Reached XP level 5. HP: 43/43 MP: 5/5
  2201 | D:2      | Reached *** piety under Trog
  2347 | D:3      | Reached skill level 5 in Fighting
  2607 | D:3      | Found an iron altar of Okawaru.
  3043 | D:4      | Reached **** piety under Trog
  3067 | D:4      | Gained mutation: You are mostly covered in molten scales.
                  | (AC +3) [demonic ancestry]
  3067 | D:4      | Reached XP level 6. HP: 51/51 MP: 6/6
  3106 | D:4      | Reached skill level 5 in Axes
  3211 | D:4      | You fall into a shaft and drop 3 floors!
  3293 | D:6      | Reached XP level 7. HP: 52/58 MP: 7/7
  3559 | D:5      | Entered Level 5 of the Dungeon
  3640 | D:5      | Found a staircase to the Ecumenical Temple.
  3672 | Temple   | Entered the Ecumenical Temple
  3955 | D:4      | Found a broken altar of Ashenzari.
  4062 | D:4      | Reached XP level 8. HP: 60/67 MP: 8/8
  4349 | D:5      | Found a shimmering blue altar of Sif Muna.
  4603 | D:5      | Found a sparkling altar of Nemelex Xobeh.
  4768 | D:5      | Found an opulent altar of Gozag.
  5112 | D:6      | Reached ***** piety under Trog
  5402 | D:6      | Found a hazy altar of Hepliaklqana.
  6122 | D:7      | Gained mutation: You are completely covered in molten
                  | scales. (AC +4, rF+) [demonic ancestry]
  6122 | D:7      | Reached XP level 9. HP: 53/75 MP: 9/9
  6990 | D:8      | Reached skill level 10 in Fighting
  7452 | D:8      | Reached XP level 10. HP: 30/86 MP: 10/10
  7771 | D:8      | Found a staircase to the Lair.
  7792 | D:8      | Reached skill level 10 in Axes
  7988 | D:8      | Found a shimmering altar of Xom.
  8685 | D:8      | Found a hide-covered altar of Uskayaw.
  9173 | D:9      | Found an ornate altar of the Wu Jian Council.
 10165 | D:9      | Found a transporter.
 10168 | D:9      | Noticed cowcol's ghost (journeyman MiFi)
 10169 | D:9      | Found a transporter.
 10169 | D:9      | Noticed a five-headed hydra
 10170 | D:9      | Noticed a two-headed ogre
 10514 | D:9      | Noticed a two-headed ogre
 10524 | D:9      | Killed a two-headed ogre
 10897 | D:9      | Received a gift from Trog
 11081 | D:10     | Entered Level 10 of the Dungeon
 11174 | D:10     | Noticed a gargoyle
 11176 | D:10     | Noticed a deep elf pyromancer
 11187 | D:10     | Killed a gargoyle
 11195 | D:10     | Reached XP level 11. HP: 96/96 MP: 11/11
 11197 | D:10     | Killed a deep elf pyromancer
 11198 | D:10     | Noticed a two-headed ogre
 11204 | D:10     | Killed a two-headed ogre
 11417 | D:10     | Found a burning altar of Makhleb.
 11694 | D:10     | Found a bloodstained altar of Trog.
 12085 | D:10     | Found a snail-covered altar of Cheibriados.
 12145 | D:11     | Identified the +1 leather armour "Tuiveol" {Slay+3}
 12315 | D:11     | Noticed Amaemon
 12316 | D:11     | Noticed a five-headed hydra
 12323 | D:11     | Killed a one-headed hydra
 12327 | D:11     | Killed Amaemon
 12542 | D:11     | Found a sparkling altar of Nemelex Xobeh.
 12893 | D:11     | Noticed a five-headed hydra
 12904 | D:11     | Killed a one-headed hydra
 13064 | D:11     | Noticed a five-headed hydra
 13082 | D:11     | Killed a one-headed hydra
 13125 | D:11     | Noticed Lodul
 13192 | D:11     | Found a runed translucent door.
 13192 | D:11     | Found a runed translucent door.
 13192 | D:11     | Found a runed translucent door.
 13192 | D:11     | Noticed a two-headed ogre
 13192 | D:11     | Noticed a tengu warrior
 13192 | D:11     | Noticed an orc knight
 13206 | D:11     | Noticed a skeletal warrior
 13206 | D:11     | Noticed a deep elf pyromancer
 13575 | D:11     | Killed Lodul
 13576 | D:11     | Gained mutation: You have a pair of small antennae on your
                  | head. [demonic ancestry]
 13576 | D:11     | Reached XP level 12. HP: 105/105 MP: 12/12
 13673 | Lair:1   | Entered Level 1 of the Lair of Beasts
 15009 | Lair:1   | Received a gift from Trog
 15088 | Lair:1   | Reached skill level 5 in Armour
 15088 | Lair:1   | Reached skill level 5 in Dodging
 15465 | Lair:2   | Noticed Gastronok
 15478 | Lair:2   | Killed Gastronok
 15479 | Lair:2   | Reached skill level 1 in Evocations
 15751 | Lair:2   | Noticed a boulder beetle
 15767 | Lair:2   | Killed a boulder beetle
 16225 | Lair:2   | Found a staircase to the Swamp.
 16748 | Lair:3   | Noticed a four-headed hydra
 16755 | Lair:3   | Killed a one-headed hydra
 17128 | Lair:3   | Found a hole to the Spider Nest.
 17183 | Lair:3   | Reached XP level 13. HP: 84/114 MP: 13/13
 17791 | Lair:3   | Identified the +7 executioner's axe of Jusiamn {vorpal,
                  | rCorr} (Trog gifted it to you on level 3 of the Lair of
                  | Beasts)
 17791 | Lair:3   | Received a gift from Trog
 18072 | Lair:3   | Reached skill level 5 in Evocations
 18414 | Lair:3   | Reached skill level 15 in Fighting
 18630 | Lair:3   | Noticed a dire elephant
 18658 | Lair:3   | Killed a dire elephant
 20215 | Lair:4   | Gained mutation: You regenerate a little health from kills.
                  | [demonic ancestry]
 20215 | Lair:4   | Reached XP level 14. HP: 87/123 MP: 14/14
 20461 | Lair:4   | Identified the +6 whip of the Other Side {freeze, rElec
                  | rPois rF- rC+++}
 20754 | Lair:5   | Entered Level 5 of the Lair of Beasts
 20782 | Lair:5   | Received a gift from Trog
 20940 | Lair:5   | Noticed Rupert
 21461 | D:11     | Identified the ring "Necan Ushio" {Ice *Corrode +Blink Fly}
 22621 | D:12     | Found a staircase to the Orcish Mines.
 22630 | Orc:1    | Entered Level 1 of the Orcish Mines
 22644 | Orc:1    | Reached skill level 15 in Axes
 22855 | Orc:1    | Reached ****** piety under Trog
 22914 | Orc:2    | Entered Level 2 of the Orcish Mines
 22919 | Orc:2    | Received a gift from Trog
 23054 | Orc:2    | Noticed Snorg
 23068 | Orc:2    | Slain by Snorg

Illustrated notes

Levels and vault maps discovered:
D:1:      elethiomel_arrival_fortress_basement, layout_basic,
          shapermc_ecumenical_altar_hornbeckon,
          nicolae_concentric_dashed_squares_mild, minmay_ruptured
D:2:      minmay_thinvault, layout_basic, amcnicky_mini_corridor_feature,
          chequers_mini_garden, st_stairs_8, uniq_terence, uniq_robin
D:3:      layout_loops_ring, okawaru_altar_gauntlet_db
D:4:      cheibrodos_quashed, layout_basic, mainiacjoe_overflow_24_doors
D:5:      layout_basic, mainiacjoe_overflow_boulevard,
          mainiacjoe_overflow_tiny_flanked, lemuel_tele_altar,
          minmay_temple_entry_drinking_statues, minmay_misc_feat_hallway,
          dreamdust_gnoll_farm
D:6:      minmay_evil_eye, layout_basic, nicolae_overflow_squiral, st_stairs_10
D:7:      layout_loops_ring, minmay_misc_feat_roman
D:8:      layout_basic, xom_teletrap_fun, nicolae_uskayaw_dance_hall,
          minmay_lair_entry_grove, minmay_tree_intersection
D:9:      layout_stronghold, nicolae_wu_jian_wuxing_cycle,
          gammafunk_ghost_arena, roderic_serpentine_path
D:10:     layout_cave_pools, nicolae_overflow_crystal_walls, slow_altar_2,
          bloody_makhleb
D:11:     minmay_the_grid_triangle_9x9_line_8_mashed
          [minmay_the_grid_triangle_9x9_empty,
          minmay_the_grid_triangle_9x9_steps,
          minmay_the_grid_triangle_9x9_swiss_cheese,
          minmay_the_grid_triangle_9x9_semitri,
          minmay_the_grid_triangle_9x9_intruding_spiral,
          minmay_the_grid_triangle_9x9_wacky_v,
          minmay_the_grid_triangle_9x9_fully_insulated_deathbox,
          minmay_the_grid_triangle_9x9_prize_insulated], layout_small_grid,
          nemelex_lonely_heart_becter, uniq_lodul, uniq_amaemon
D:12:     layout_cave_pools, orc_0_dummy, nicolae_elyvilon_temple_path
Temple:   hellmonk_temple_beads
Lair:1:   layout_regular_city, roderic_batcave, lemuel_fruit_fields
Lair:2:   layout_gridlike, minmay_swamp_entry_worms, uniq_gastronok
Lair:3:   layout_roguey, nicolae_spider_entry_non_spiders, special_room
          [special_room_mythical_zoo], nicolae_lair_lakeside_cave,
          lemuel_fruit_tree
Lair:4:   layout_regular_city, serial_bayou_shore_a, infiniplex_staircase_pool,
          grunt_megastairs_4
Lair:5:   hangedman_lair_in_review, layout_cave_shapes,
          hangedman_lair_caniforms_friends, minmay_slime_entry_pillars,
          chequers_serial_rivers_micro_c, eino_house_with_fridge, uniq_rupert
Orc:1:    layout_caves, basic_altar
Orc:2:    grunt_orc_tribal_feast, layout_caves, portal_ice_cave_rime,
          uniq_snorg, uniq_urug

Skill      XL: |  1  2  3  4  5  6  7  8  9 10 11 12 13 14 |
---------------+-------------------------------------------+-----
Axes           | 3 4 5 6 8 9 11 12 13 14 15 | 15.1
Fighting       | 4 5 6 7 8 10 12 13 14 15 | 15.7
Armour         | 4 6 8 |  8.8
Dodging        | 4 5 |  5.0
Evocations     | 3 6 7 |  7.7

Action                   |  1- 3 |  4- 6 |  7- 9 | 10-12 | 13-15 || total
-------------------------+-------+-------+-------+-------+-------++-------
Melee: Hand axe          |   104 |    11 |       |       |       ||   115
       Punch             |     1 |     1 |     2 |    11 |       ||    15
       Trident           |       |   169 |   336 |   195 |       ||   700
       War axe           |       |       |       |   327 |   344 ||   671
       Executioner's axe |       |       |       |       |    30 ||    30
       Battleaxe         |       |       |       |       |   211 ||   211
       Whip              |       |       |       |       |     4 ||     4
Throw: Stone             |       |       |       |       |     1 ||     1
Invok: Berserk           |     1 |     1 |     1 |     6 |     6 ||    15
       Trog's Hand       |       |       |       |       |     2 ||     2
  Use: Scroll            |       |       |       |    20 |     7 ||    27
       Potion            |       |       |       |     1 |     1 ||     2
 Stab: Sleeping          |     1 |       |       |       |     1 ||     2
       Distracted        |       |       |       |       |     2 ||     2
Armor: Animal skin       |     9 |       |       |       |       ||     9
       Leather armour    |    28 |     2 |       |       |       ||    30
       Scale mail        |       |    70 |   179 |   289 |   256 ||   794
       Troll leather arm |       |       |       |       |    50 ||    50
Dodge: Dodged            |    86 |    71 |   142 |   288 |   293 ||   880
Block: Other             |    31 |    38 |    60 |   103 |   137 ||   369
       Reflection        |       |     3 |     2 |     5 |     2 ||    12
